 Dungeon Crawl Stone Soup version 0.25.1-2-g60ff931df9 (webtiles) character file.

Game seed: 14033473166427048396

5811 lepoulpe303 the Grappler (level 10, -5/97 (98) HPs)
             Began as a Troll Monk on Sept 10, 2020.
             Was a Priest of Qazlal.
             Killed from afar by an electric eel (16 damage)
             ... with a bolt of electricity
             ... in a bailey.
             The game lasted 00:23:22 (8110 turns).

lepoulpe303 the Grappler (Troll Monk)               Turns: 8110, Time: 00:23:22

HP:   -5/97 (98)    AC:  6    Str: 23    XL:     10   Next: 50%
MP:   14/14         EV: 12    Int:  6    God:    Qazlal [***...]
Gold: 365           SH:  4    Dex: 13    Spells: 9/9 levels left

rFire    + . .     SeeInvis .     - Unarmed
rCold    + . .     Gourm    +   (no shield)
rNeg     . . .     Faith    .   c - +0 robe
rPois    +         Spirit   .   (helmet restricted)
rElec    .         Reflect  .   v - scarf {rC+ rF+}
rCorr    .         Harm     .   (gloves unavailable)
MR       .....                  (boots unavailable)
Stlth    +.........             (no amulet)
HPRegen  0.66/turn              (no ring)
MPRegen  0.14/turn              P - ring of poison resistance

@: no status effects
A: large, unfitting armour, claws 3, fast metabolism 3, gourmand, regeneration
1, shaggy fur 1, tough skin 3
a: Upheaval, Elemental Force, Renounce Religion


You were in a bailey.
You worshipped Qazlal.
Qazlal was most pleased with you.
You were not hungry.

You visited 2 branches of the dungeon, and saw 10 of its levels.
You also visited: Bailey.

You collected 365 gold pieces.

Inventory:

Missiles
 j - 22 poisoned darts (quivered)
 Q - 239 stones
Armour
 a - a +0 robe
 c - a +0 robe (worn)
 n - a +2 cloak
 v - a scarf of resistance (worn)
Jewellery
 t - an uncursed ring of stealth {Stlth+}
 P - a ring of poison resistance (right claw)
Wands
 u - a wand of flame (5)
 D - a wand of polymorph (7)
Scrolls
 b - 2 scrolls of immolation {unknown}
 d - a scroll of magic mapping {!r}
 f - 8 scrolls of teleportation {unknown}
 g - 2 scrolls of fear
 i - 8 scrolls of identify
 l - 2 scrolls of amnesia {unknown}
 s - a scroll of enchant armour {unknown}
 w - 7 scrolls of remove curse
 y - 2 scrolls of enchant weapon {unknown}
 z - a scroll of fog {unknown}
 A - a scroll of noise {unknown}
 B - 3 scrolls of blinking {!r}
 E - a scroll of acquirement {unknown}
Potions
 h - 3 potions of haste
 k - a potion of ambrosia
 m - a potion of stabbing {unknown}
 o - a potion of might {unknown}
 p - a potion of mutation {unknown}
 q - 3 potions of curing
 r - 2 potions of heal wounds {unknown}
 x - a potion of invisibility {unknown}
 C - a potion of brilliance {unknown}
Comestibles
 e - 17 rations


   Skills:
 + Level 5.7 Fighting
 + Level 5.4 Throwing
 + Level 5.7 Dodging
 - Level 1.0 Stealth
 * Level 9.3 Unarmed Combat
 * Level 7.0 Invocations


You had 9 spell levels left.
You didn't know any spells.
Your spell library was empty.

Dungeon Overview and Level Annotations

Branches:
Dungeon (9/15)             Temple (1/1) D:4            Lair (0/6) D:9
    Orc (0/2) D:9          Bailey (1/1)

Altars:
Dithmenos
Fedhas
Gozag
Hepliaklqana
Kikubaaqudgha
Nemelex Xobeh
Qazlal
Ru
Sif Muna
Uskayaw
Vehumet
Xom
Zin
The Shining One

Shops:
D:4 (

Annotations:
D:7 dig


Innate Abilities, Weirdness & Mutations

You are too large for most types of armour.
You have claws for hands.
Your metabolism is lightning-fast.
You like to eat raw meat.
Your natural rate of healing is unusually fast.
You are covered in fur. (AC +1)
You have extremely tough skin. (AC +3)


Message History

The orcs go into a battle-frenzy!
You take 3 damage, and have 12/97 hp.
The white imp gestures at you. The puff of frost hits you. You resist.
* * * LOW HITPOINT WARNING * * *
You take 5 damage, and have 7/97 hp.
The kobold demonologist looks satisfied for a moment.
The white imp grinds its teeth.
Things that are here:
a +0 hand axe; a +0 leather armour; an orc corpse
Things that are here:
a +0 hand axe; a +0 leather armour The kobold demonologist casts a spell.
Items here: )) [[ †† The kobold demonologist gestures wildly while chanting.
An electric eel comes into view.
An electric eel comes into view.
The electric eel shoots out a bolt of lightning at you!
The bolt of electricity hits you!
You die...

≈≈≈≈≈ . #≈≈;≈≈# .8
#≈≈≈≈≈######..
#≈≈≈≈≈≈.#....o
######.≈≈≈≈≈.#....
#......≈≈≈≈≈.#''###
###......5≈≈≈≈.#.....
#.......)§4g...(.....
#∩..@g.o)55.3.((..⌠..
#..○..o))4oK...'.....
###......≈≈≈≈≈.#.....
#......≈≈≈≈≈.#++###
######.≈≈≈≈≈.#
#≈≈≈≈≈≈.# #≈;≈≈≈###
#≈≈≈≈≈#


You could see an orc knight, a hellwing (summoned), an ice devil (summoned), a
kobold demonologist, an orc warrior (strong), 2 electric eels, 2 iron imps, a
gnoll, a white imp (summoned), an orc (strong) and a hobgoblin.

Levels and vault maps discovered:
D:1:      heliophobic_arrival_dark_side_of_the_moon, layout_basic
D:2:      layout_loops_cross, first_ration, uniq_crazy_yiuf_cottage
D:3:      layout_rooms, xom_teletrap_fun
D:4:      layout_loops_ring, nicolae_dithmenos_shadow_blocks,
          minmay_temple_entry_poolview, serial_shops, shop
D:5:      layout_rooms, kennysheep_little_box, gammafunk_ghost_smash
D:6:      old_forge, layout_layer_cave, lemuel_round_altar,
          overflow_temple_1_default, kennysheep_mini_moat,
          minmay_misc_feat_rows, minivault_23, grunt_ministairs_7
D:7:      layout_cave_pools, zin_treasury, marbit_many_paths
D:8:      layout_layer_cave, nicolae_overflow_crystal_walls
D:9:      layout_small_grid, grunt_temple_overflow_open,
          grunt_lair_entry_orc_guard_hut, orc_0_dummy, enter_bailey_3,
          uniq_joseph, uniq_maggie, uniq_erica, uniq_erolcha
Temple:   nicolae_temple_hex_pool
Bailey:   bailey_axe_of_yendor_kennysheep, bailey

Notes
Turn   | Place    | Note
-------+----------+-------------------------------------------
     0 | D:1      | lepoulpe303 the Troll Monk began the quest for the Orb.
     0 | D:1      | Reached XP level 1. HP: 22/22 MP: 0/0
   194 | D:1      | Identified a +0 dagger
   374 | D:1      | Identified a +0 club
   380 | D:1      | Reached XP level 2. HP: 29/29 MP: 1/1
   428 | D:1      | Identified a +0 club
   478 | D:1      | Identified a cursed +0 club
   483 | D:1      | Identified a +0 dagger
   625 | D:1      | Identified a +0 club
   865 | D:1      | Identified a +0 dagger
   871 | D:1      | Reached XP level 3. HP: 36/36 MP: 2/2
  1112 | D:2      | Identified a +0 dagger
  1220 | D:2      | Reached skill level 1 in Throwing
  1360 | D:2      | Identified a +0 dagger
  1360 | D:2      | Identified a +0 ring mail
  1392 | D:2      | Identified a cursed +0 dagger
  1392 | D:2      | Identified a +0 hunting sling
  1395 | D:2      | Identified a +0 dagger
  1413 | D:2      | Reached XP level 4. HP: 44/44 MP: 3/3
  1495 | D:2      | Identified a +0 mace
  1497 | D:2      | Identified a +0 club
  1505 | D:2      | Reached skill level 4 in Unarmed Combat
  1646 | D:2      | Identified a +0 club
  1718 | D:2      | Identified a +0 club
  1831 | D:2      | Identified a +0 dagger
  1860 | D:2      | Identified a +0 club
  1917 | D:2      | Found a runed translucent door.
  1918 | D:2      | Identified a +4 quarterstaff of chaos
  1918 | D:2      | Identified a +2 cloak
  1918 | D:2      | Noticed Crazy Yiuf
  1928 | D:2      | Killed Crazy Yiuf
  1928 | D:2      | Reached skill level 3 in Fighting
  1928 | D:2      | Reached skill level 3 in Dodging
  1928 | D:2      | Reached XP level 5. HP: 26/53 MP: 4/4
  2044 | D:3      | Identified a +0 club
  2044 | D:3      | Identified a +0 hand axe
  2044 | D:3      | Identified a +0 leather armour
  2044 | D:3      | Identified a +0 flail
  2044 | D:3      | Identified a +0 short sword
  2044 | D:3      | Identified a +0 dagger
  2159 | D:3      | Identified a cursed -3 club
  2180 | D:3      | Identified a +0 hand axe
  2195 | D:3      | Found a shimmering altar of Xom.
  2222 | D:3      | Identified a +0 club
  2301 | D:3      | Identified a +0 club
  2308 | D:3      | Identified a +0 club
  2428 | D:3      | Identified a cursed +0 robe (You found it on level 3 of the
                  | Dungeon)
  2448 | D:3      | Reached skill level 2 in Throwing
  2574 | D:3      | Identified a +0 whip
  2729 | D:3      | Identified a +0 flail
  2729 | D:3      | Identified a +0 leather armour
  2815 | D:4      | Reached XP level 6. HP: 61/61 MP: 5/5
  2884 | D:4      | Identified a ring of attention (You found it on level 4 of
                  | the Dungeon)
  2885 | D:4      | Identified 3 scrolls of magic mapping
  2886 | D:4      | Identified 3 scrolls of identify
  2886 | D:4      | Identified 2 scrolls of blinking
  2894 | D:4      | Reached skill level 5 in Unarmed Combat
  2967 | D:4      | Found a staircase to the Ecumenical Temple.
  2978 | D:4      | Identified 2 scrolls of fear
  2983 | Temple   | Entered the Ecumenical Temple
  3000 | Temple   | Became a worshipper of Qazlal Stormbringer
  3000 | Temple   | Reached * piety under Qazlal
  3000 | Temple   | Reached ** piety under Qazlal
  3027 | D:4      | Identified a +0 hand axe
  3027 | D:4      | Identified a +0 flail
  3027 | D:4      | Identified a +0 mace
  3027 | D:4      | Identified a cursed -2 dagger
  3110 | D:4      | Found a shadowy altar of Dithmenos.
  3225 | D:4      | Reached skill level 1 in Invocations
  3457 | D:4      | Identified a scarf of resistance (You found it on level 4
                  | of the Dungeon)
  3470 | D:4      | Found Qyso's Antique Weapon Boutique.
  3529 | D:5      | Entered Level 5 of the Dungeon
  3610 | D:5      | Identified a +0 club
  3645 | D:5      | Found a transporter.
  3650 | D:5      | Noticed Jaiteiro's ghost (novice TrWr)
  3651 | D:5      | Found a transporter.
  3654 | D:5      | Identified a +0 giant club
  3655 | D:5      | Identified the +12 dire flail "Huamamo" {drain, +Fly Int+4}
  3676 | D:5      | Reached XP level 7. HP: 60/67 MP: 5/7
  3706 | D:5      | Identified a +0 dagger
  3706 | D:5      | Identified a +0 robe
  3707 | D:5      | Identified a +0 dagger
  3707 | D:5      | Identified a +0 robe
  3709 | D:5      | Identified a +0 war axe
  3730 | D:5      | Reached skill level 2 in Invocations
  3756 | D:5      | Found an opulent altar of Gozag.
  3975 | D:5      | Identified 2 potions of ambrosia
  3976 | D:5      | Identified 3 potions of curing
  3977 | D:5      | Identified a ring of stealth (You found it on level 4 of
                  | the Dungeon)
  3979 | D:5      | Identified a ring of poison resistance (You found it on
                  | level 4 of the Dungeon)
  3984 | D:5      | Reached skill level 3 in Throwing
  3989 | D:5      | Reached skill level 6 in Unarmed Combat
  3992 | D:5      | HP: 11/68 [Jaiteiro's ghost (10)]
  4010 | D:5      | HP: 11/68 [Jaiteiro's ghost (19)]
  4029 | D:5      | HP: 10/68 [Jaiteiro's ghost (10)]
  4045 | D:5      | Killed Jaiteiro's ghost
  4045 | D:5      | Reached skill level 4 in Fighting
  4045 | D:5      | Reached skill level 4 in Dodging
  4045 | D:5      | Reached skill level 3 in Invocations
  4045 | D:5      | Reached XP level 8. HP: 23/78 MP: 9/9
  4273 | D:6      | Found a blossoming altar of Fedhas.
  4388 | D:6      | Reached skill level 4 in Invocations
  4407 | D:6      | Found a glowing golden altar of the Shining One.
  4522 | D:6      | Reached skill level 7 in Unarmed Combat
  4609 | D:6      | Found a hazy altar of Hepliaklqana.
  4759 | D:6      | Identified a cursed +0 short sword
  4759 | D:6      | Identified a +0 robe
  4759 | D:6      | Identified a +3 short sword of freezing
  4759 | D:6      | Identified a +0 robe
  4759 | D:6      | Identified a cursed +3 mace
  4759 | D:6      | Identified a +0 robe
  4767 | D:6      | Reached skill level 4 in Throwing
  4772 | D:6      | Identified a +0 trident
  4772 | D:6      | Identified a +0 robe
  4773 | D:6      | Reached XP level 9. HP: 68/84 MP: 11/11
  4807 | D:6      | Identified a +0 dagger
  4807 | D:6      | Identified a +0 robe
  4819 | D:6      | Identified a +0 hand axe
  4819 | D:6      | Identified a +0 whip
  4819 | D:6      | Identified a +0 chain mail
  5611 | D:6      | Found the +7 Singing Sword {vorpal, sonic wave}
  5751 | D:7      | Reached skill level 5 in Invocations
  5807 | D:7      | Identified 2 potions of haste
  5808 | D:7      | Identified 5 scrolls of remove curse
  5917 | D:6      | Reached *** piety under Qazlal
  6089 | D:7      | Reached skill level 5 in Fighting
  6089 | D:7      | Reached skill level 5 in Dodging
  6169 | D:7      | Reached skill level 8 in Unarmed Combat
  6174 | D:7      | Found a sparkling altar of Nemelex Xobeh.
  6355 | D:7      | Found a glowing silver altar of Zin.
  6694 | D:8      | Found a sacrificial altar of Ru.
  6729 | D:8      | Identified a cursed -2 flail
  6729 | D:8      | Identified a +0 chain mail
  6730 | D:8      | Identified a +0 war axe
  6730 | D:8      | Identified a +0 scale mail
  6732 | D:8      | Identified a +0 dagger
  6732 | D:8      | Identified a +0 robe
  6736 | D:8      | Identified a +0 hand axe
  6736 | D:8      | Identified a +0 leather armour
  6753 | D:8      | Identified a cursed -2 giant club
  6846 | D:8      | Identified a +0 giant spiked club
  6846 | D:8      | Identified a +0 giant spiked club
  6846 | D:8      | Noticed a two-headed ogre
  6924 | D:8      | Identified a +0 leather armour
  6930 | D:8      | Identified a +0 club
  6934 | D:8      | Identified a +0 dagger
  6934 | D:8      | Identified a +0 robe
  6997 | D:8      | Killed a two-headed ogre
  6997 | D:8      | Reached skill level 6 in Invocations
  6997 | D:8      | Reached XP level 10. HP: 84/95 MP: 13/13
  7168 | D:8      | Identified a +0 short sword
  7168 | D:8      | Identified a +0 leather armour
  7171 | D:8      | Identified a +0 flail
  7171 | D:8      | Identified a +0 ring mail
  7647 | D:9      | Identified a +0 giant spiked club
  7647 | D:9      | Identified a cursed -3 giant club
  7647 | D:9      | Noticed a two-headed ogre
  7654 | D:9      | Killed a two-headed ogre
  7654 | D:9      | Reached skill level 5 in Throwing
  7673 | D:9      | Identified a +0 quarterstaff
  7673 | D:9      | Identified a +5 hunting sling
  7673 | D:9      | Identified a +0 leather armour
  7673 | D:9      | Noticed Joseph
  7685 | D:9      | HP: 21/95 [porcupine (9)]
  7688 | D:9      | Reached skill level 9 in Unarmed Combat
  7695 | D:9      | Killed Joseph
  7695 | D:9      | HP: 16/96 [bullfrog (2)]
  7701 | D:9      | HP: 14/96 [bullfrog (6)]
  7707 | D:8      | HP: 9/96 [bullfrog (4)]
  7848 | D:9      | Identified a +0 giant spiked club
  7895 | D:9      | Identified a +0 hand axe
  7896 | D:9      | Identified a cursed -1 hand axe
  7897 | D:9      | Identified a +0 hand axe
  7898 | D:9      | Identified a +0 hand axe
  7904 | D:9      | Found a flagged portal.
  7904 | D:9      | Identified a +0 giant club
  7904 | D:9      | Identified a +0 giant club
  7904 | D:9      | Noticed a two-headed ogre
  7909 | Bailey   | Entered a bailey
  7998 | Bailey   | Identified a +0 hand axe
  7998 | Bailey   | Identified a +3 leather armour
  7998 | Bailey   | Identified a +0 hand axe
  7998 | Bailey   | Identified a +0 leather armour
  7998 | Bailey   | Identified a +0 hand axe
  7998 | Bailey   | Identified a +0 leather armour
  7998 | Bailey   | Identified a +0 hand axe
  7998 | Bailey   | Identified a +0 leather armour
  7998 | Bailey   | Identified a +0 hand axe
  7998 | Bailey   | Identified a +0 leather armour
  8060 | Bailey   | Identified a +0 war axe
  8060 | Bailey   | Identified a +0 scale mail
  8060 | Bailey   | Noticed an orc knight
  8082 | Bailey   | Identified a +0 hand axe
  8082 | Bailey   | Identified a +0 leather armour
  8084 | Bailey   | Identified a +0 hand axe
  8084 | Bailey   | Identified a +0 leather armour
  8086 | Bailey   | Killed an orc knight
  8086 | Bailey   | Reached skill level 7 in Invocations
  8090 | Bailey   | Identified a +0 hand axe
  8090 | Bailey   | Identified a +0 leather armour
  8092 | Bailey   | Identified a +0 hand axe
  8092 | Bailey   | Identified a +0 leather armour
  8093 | Bailey   | Identified a +0 broad axe
  8093 | Bailey   | Identified a +0 scale mail
  8093 | Bailey   | Identified a +0 hand axe
  8093 | Bailey   | Identified a +0 ring mail
  8095 | Bailey   | Identified a +0 war axe
  8095 | Bailey   | Identified a cursed +0 leather armour
  8096 | Bailey   | Identified a +0 hand axe
  8096 | Bailey   | Identified a +0 leather armour
  8097 | Bailey   | Identified a +0 war axe
  8097 | Bailey   | Identified a cursed +0 ring mail
  8097 | Bailey   | Noticed an orc knight
  8102 | Bailey   | HP: 15/97 [orc warrior/+0 hand axe (13)]
  8104 | Bailey   | HP: 7/97 [white imp/puff of frost[a kobold demonologist]
                  | (5)]
  8108 | Bailey   | Noticed a sun demon
  8110 | Bailey   | Killed from afar by an electric eel

Table legend:
 A = Turns spent in this place as a percentage of turns spent in the entire game.
 B = Non-inter-level travel turns spent in this place as a percentage of non-inter-level travel turns spent in the entire game.
 C = Inter-level travel turns spent in this place as a percentage of turns spent in this place.
 D = Turns resting spent in this place as a percentage of non-inter-level travel turns spent in this place.
 E = Turns spent auto-exploring this place as a percentage of non-inter-level travel turns spent in this place.
 F = Non-inter-level travel turns spent in this place divided by the number of levels of this place that you've seen.
                   A       B       C       D       E      F
               +-------+-------+-------+-------+-------+----------------------
         Total | 100.0 | 100.0 |   4.6 |   9.2 |  68.6 | 703.3
       Dungeon |  97.2 |  97.2 |   4.6 |   8.6 |  70.4 | 835.2
        Temple |   0.4 |   0.2 |  40.0 |   0.0 |  83.3 |  18.0
        Bailey |   2.5 |   2.6 |   0.0 |  31.8 |   0.0 | 201.0
               +-------+-------+-------+-------+-------+----------------------

Table legend:
 A = Kills in this place as a percentage of kills in entire the game.
 B = Kills by you in this place as a percentage of kills by you in the entire game.
 C = Kills by friends in this place as a percentage of kills by friends in the entire game.
 D = Other kills in this place as a percentage of other kills in the entire game.
 E = Experience gained in this place as a percentage of experience gained in the entire game.
 F = Experience gained in this place divided by the number of levels of this place that you have seen.
                   A       B       C       D       E      F
               +-------+-------+-------+-------+-------+----------------------
         Total | 100.0 | 100.0 |   N/A |   N/A | 100.0 | 754.7
       Dungeon |  95.5 |  95.5 |   N/A |   N/A |  92.0 | 848.2
        Bailey |   4.5 |   4.5 |   N/A |   N/A |   8.0 | 668.0
               +-------+-------+-------+-------+-------+----------------------

Skill      XL: |  1  2  3  4  5  6  7  8  9 10 |
---------------+-------------------------------+-----
Throwing       | 1 2 3 4 5 |  5.4
Unarmed Combat | 4 5 6 7 8 9 |  9.3
Fighting       | 3 4 5 |  5.7
Dodging        | 3 4 5 |  5.7
Invocations    | 1 3 4 6 7 |  7.0
Stealth        | |  1.0

Action                   |  1- 3 |  4- 6 |  7- 9 | 10-12 || total
-------------------------+-------+-------+-------+-------++-------
Melee: Unarmed           |    70 |   211 |   237 |    59 ||   577
       Punch             |       |     5 |     6 |     2 ||    13
Throw: Stone             |   106 |    99 |   109 |    23 ||   337
       Boomerang         |       |    26 |    84 |       ||   110
       Dart              |       |       |       |     5 ||     5
Evoke: Wand              |       |       |       |     1 ||     1
  Use: Scroll            |       |     3 |     4 |     1 ||     8
       Potion            |       |       |     1 |       ||     1
 Stab: Sleeping          |       |     1 |       |       ||     1
  Eat: Chunk             |    18 |    20 |    31 |     4 ||    73
Armor: Robe              |    25 |    90 |    43 |    13 ||   171
Dodge: Dodged            |    31 |   149 |   113 |    36 ||   329
Block: Other             |       |     2 |    26 |    22 ||    50

Vanquished Creatures
  2 two-headed ogres
  The ghost of Jaiteiro the Ruffian, a novice TrWr (D:5)
  An orc knight (Bailey)
  Joseph (D:9)
  A porcupine (D:9)
  A water moccasin (D:7)
  An ice beast (D:5)
  A sky beast (D:7)
  2 phantoms (D:6)
  2 necrophages
  4 ogres
  4 bullfrogs
  8 scorpions
  A water moccasin skeleton (D:7)
  5 killer bees (D:6)
  4 wights (D:6)
  An electric eel (Bailey)
  3 crimson imps
  A centaur zombie (D:7)
  An orc priest (D:4)
  Crazy Yiuf (D:2)
  5 hounds
  2 jellies
  A centaur skeleton (D:4)
  5 orc wizards
  7 worker ants
  A howler monkey zombie (D:8)
  2 gnolls (Bailey)
  15 adders
  3 shadow imps
  2 oozes
  An adder zombie (D:6)
  An adder skeleton (D:6)
  6 worms
  4 dart slugs
  8 leopard geckos
  24 orcs
  12 bats
  2 giant cockroaches (D:2)
  19 goblins
  12 hobgoblins
  22 jackals
  3 quokkas
  3 ball pythons (D:2)
  5 frilled lizards
  A jackal skeleton (D:5)
  6 kobolds
  A leopard gecko skeleton (D:5)
  5 rats
224 creatures vanquished.

Vanquished Creatures (others)
  3 fungi (D:6)
  4 plants (D:6)
7 creatures vanquished.

Grand Total: 231 creatures vanquished
